 Dungeon Crawl Stone Soup version 0.27-a0-1586-gd5c625afe7 (webtiles) character file.

Game seed: 12835383898385391922

128 Lemonice the Gusty (level 5, -4/28 HPs)
             Began as a Tengu Air Elementalist on July 18, 2021.
             Slain by an orc priest (9 damage)
             ... on level 3 of the Dungeon.
             The game lasted 00:06:05 (2954 turns).

Lemonice the Gusty (Tengu Air Elementalist)         Turns: 2954, Time: 00:06:05

Health: -4/28      AC:  2    Str:  8    XL:     5   Next: 11%
Magic:  0/11       EV: 15    Int: 17    God:
Gold:   51         SH:  0    Dex: 14    Spells: 4/10 levels left

rFire    . . .     SeeInvis .   j - +0 long sword
rCold    . . .     Faith    .   (no shield)
rNeg     . . .     Spirit   .   a - +0 robe
rPois    .         Reflect  .   (helmet restricted)
rElec    .         Harm     .   (no cloak)
rCorr    .         Rampage  .   (no gloves)
Will     .....                  (boots unavailable)
Stlth    ++........             c - amulet of regeneration
HPRegen  1.09/turn              (no ring)
MPRegen  0.12/turn              (no ring)

@: flying quickly and evasively, quick
A: beak, talons 3, nimble flight
a: no special abilities


You were on level 3 of the Dungeon.
You visited 1 branch of the dungeon, and saw 3 of its levels.

You collected 51 gold pieces.

Inventory:

Hand Weapons
 j - a +0 long sword (weapon)
Armour
 a - a +0 robe (worn)
Jewellery
 c - an amulet of regeneration (around neck)
Scrolls
 b - a scroll of identify {unknown}
 e - a scroll of acquirement {unknown}
 f - a scroll of enchant armour {unknown}
 g - a scroll of teleportation {unknown}
 h - a scroll of blinking {unknown}
Potions
 d - a potion of heal wounds {unknown}
 i - a potion of resistance {unknown}
 k - a potion of lignification {unknown}


   Skills:
 + Level 0.1 Fighting
 + Level 2.5 Dodging
 + Level 2.2 Stealth
 + Level 3.4 Spellcasting
 + Level 2.8 Conjurations
 + Level 5.1 Air Magic


You had 4 spell levels left.
You knew the following spells:

 Your Spells              Type           Power      Damage    Failure   Level
a - Shock                 Conj/Air       64%        1d7       3%          1
b - Static Discharge      Conj/Air       16%        N/A       4%          2
c - Swiftness             Air            20%        N/A       6%          3

Your spell library contained the following spells:

 Spells                   Type           Power      Damage    Failure   Level
 Airstrike                Air            10%        N/A       21%         4


Dungeon Overview and Level Annotations

Branches:
Dungeon (3/15)

Altars:

Annotations:
D:3 Robin


Innate Abilities, Weirdness & Mutations

You have a beak for a mouth.
You have claws for feet.
Your magical nature lets you fly swiftly and evasively.


Message History

A hobgoblin comes into view.
The orc closely misses you.
A goblin comes into view. It is wielding a +0 club.
You hear a shout!
Casting: Shock (safe; 3% risk of failure)
Confirm with . or Enter, or press ? or * to list all spells.
Aiming: Shock (safe; 3% risk of failure)
Press: ? - help, Shift-Dir - straight line, f/p - orc priest
Aim: an orc priest, wielding a +0 trident and wearing a +0 chain mail (almost dead, 79% to hit)
The zap misses the orc priest.
The zap misses the orc.
The zap hits the hobgoblin.
The hobgoblin is moderately wounded.
The orc barely misses you.
Casting: Shock (safe; 3% risk of failure)
Confirm with . or Enter, or press ? or * to list all spells.
Aiming: Shock (safe; 3% risk of failure)
Press: ? - help, Shift-Dir - straight line, f/p - orc priest
Aim: an orc priest, wielding a +0 trident and wearing a +0 chain mail (almost dead, 79% to hit)
The zap misses the orc priest.
The zap hits the orc.
The orc is moderately wounded.
The zap hits the hobgoblin.
You kill the hobgoblin!
The orc priest invokes the aid of Beogh against you.
Pain shoots through your body!
* * * LOW HITPOINT WARNING * * *
The orc hits you with a +0 hand axe.
* * * LOW HITPOINT WARNING * * *
Robin of the Strong Arm comes into view.
They are wielding a +0 dagger and carrying a wand of polymorph (9).
A goblin comes into view. It is wielding a +0 dagger.
Casting: Shock (safe; 3% risk of failure)
Confirm with . or Enter, or press ? or * to list all spells.
Aiming: Shock (safe; 3% risk of failure)
Press: ? - help, Shift-Dir - straight line, f/p - orc priest
Aim: an orc priest, wielding a +0 trident and wearing a +0 chain mail (almost dead, 79% to hit)
The zap misses the orc priest.
The zap hits the goblin.
The goblin is severely wounded.
The zap hits Robin.
Robin is moderately wounded.
The orc priest hits you from afar with a +0 trident!
You die...

gg.......# .†.......#
..g......# .....
...).....# ..#.##
.....o...######.....
.....o...##...##...## ##
.......o.##...##....##..
......o@†......#..⌠....≈
.........##....#......≈.
.........##........≈.≈≈.
......##.##...##...≈≈≈≈.
.$.... #.##...##..≈≈≈≈≈.
...... #.##...##...≈≈≈≈≈
##### #....####.#.≈.≈..
####.##.)........
#.##)##..#####


You could see Robin, an orc priest, 3 orcs and 2 goblins.

Vanquished Creatures
  6 adders
  A gnoll (D:1)
  4 orcs (D:3)
  5 ball pythons
  4 endoplasms
  3 giant cockroaches
  4 goblins
  5 hobgoblins
  8 jackals
  4 kobolds
  8 bats
  2 frilled lizards
  3 rats
57 creatures vanquished.

Notes
Turn   | Place    | Note
-------+----------+-------------------------------------------
     0 | D:1      | Lemonice the Tengu Air Elementalist began the quest for the
                  | Orb.
     0 | D:1      | Reached XP level 1. HP: 10/10 MP: 4/4
   157 | D:1      | Reached XP level 2. HP: 15/15 MP: 0/6
   892 | D:1      | Reached XP level 3. HP: 19/19 MP: 4/7
  1369 | D:2      | Reached XP level 4. HP: 24/24 MP: 4/9
  2383 | D:2      | Reached skill level 5 in Air Magic
  2675 | D:2      | Learned a level 2 spell: Static Discharge
  2679 | D:2      | Learned a level 3 spell: Swiftness
  2831 | D:3      | Gained mutation: Your magical nature lets you fly swiftly
                  | and evasively. [Tengu growth]
  2831 | D:3      | Reached XP level 5. HP: 28/28 MP: 6/11
  2953 | D:3      | Noticed Robin
  2954 | D:3      | Slain by an orc priest

Illustrated notes

Levels and vault maps discovered:
D:1:      wander_arrival_fairy_ring, layout_basic, hex_tiny,
          nrook_mini_backslash
D:2:      minmay_general_purpose_star, layout_basic, minmay_misc_feat_cross
D:3:      layout_basic, kiku_gazebo_pond_becter, kennysheep_minor_cross,
          due_unseen_surprise, uniq_robin

Skill      XL: |  1  2  3  4 |
---------------+-------------+-----
Spellcasting   | 3 |  3.4
Conjurations   | 2 |  2.8
Air Magic      | 5 |  5.1
Fighting       | |  0.1
Dodging        | |  2.5
Stealth        | |  2.2

Action                   |  1- 3 |  4- 6 || total
-------------------------+-------+-------++-------
Melee: Long sword        |       |     2 ||     2
 Cast: Shock             |    62 |    61 ||   123
Armor: Robe              |    10 |     3 ||    13
Dodge: Dodged            |    25 |    10 ||    35

Table legend: (Time is in decaauts)
 A = Elapsed time spent in this place.
 B = Non-inter-level travel time spent in this place.
 C = Inter-level travel time spent in this place.
 D = Time resting spent in this place.
 E = Time spent auto-exploring this place.
 F = Levels seen in this place.
 G = Mean time per level.
                   A        B        C        D        E       F      G
               +--------+--------+--------+--------+--------+-----+--------+
         Total |   2952 |   2882 |     70 |      0 |   2465 |   3 |  984.0 |
       Dungeon |   2952 |   2882 |     70 |      0 |   2465 |   3 |  984.0 |
               +--------+--------+--------+--------+--------+-----+--------+

Top non-repeatable levels by time:
     D:2: 1524 daAuts
     D:1: 1233 daAuts
     D:3: 195 daAuts
